 Dungeon Crawl Stone Soup version 0.28.0-53-g5a82cb258f (webtiles) character file.

Game seed: 11362167726327995510

205 jamesblauser the Grave Robber (level 5, -18/35 HPs)
             Began as a Demonspawn Necromancer on Nov 5, 2022.
             Was a Follower of Sif Muna.
             Demolished by an ogre
             ... wielding a +0 giant club
              (24 damage)
             ... on level 4 of the Dungeon.
             The game lasted 00:50:55 (3348 turns).

jamesblauser the Grave Robber (DsNe)                Turns: 3348, Time: 00:50:58

Health: -18/35     AC:  5    Str: 10    XL:     5   Next: 52%
Magic:  3/10       EV: 11    Int: 17    God:    Sif Muna [*.....]
Gold:   176        SH:  8    Dex: 17    Spells: 5/11 levels left

rFire   + . .      SeeInvis .   c - staff of fire
rCold   . . .      Faith    .   h - +0 buckler
rNeg    . . .      Spirit   .   f - +0 leather armour
rPois   .          Reflect  .   (helmet restricted)
rElec   .          Harm     .   (no cloak)
rCorr   +          Rampage  .   (no gloves)
Will    .....                   (no boots)
Stlth   ++........              g - amulet of the acrobat
HPRegen 0.11/turn               p - ring of resist corrosion
MPRegen 0.12/turn               (no ring)

@: no status effects
A: antennae 1, molten scales 1, demonic guardian 2, large bone plates 1, agile
2, noise suppression
a: Renounce Religion, Channel Magic


You were on level 4 of the Dungeon.
You worshipped Sif Muna.
Sif Muna was aware of your devotion.
You visited 1 branch of the dungeon, and saw 4 of its levels.

You collected 176 gold pieces.

Inventory:

Hand Weapons
 d - a +1 short sword
 i - a +0 dagger
 j - a +0 dagger
 l - a +0 short sword
 n - a +0 morningstar
Missiles
 b - 39 sling bullets
 e - 13 bolts
 k - 87 arrows
Armour
 a - a +0 robe
 f - a +0 leather armour (worn)
 h - a +0 buckler (worn)
 m - an orb of energy
Magical Staves
 c - a staff of fire (weapon)
Jewellery
 g - an amulet of the acrobat (around neck)
 p - a ring of resist corrosion (left hand)
Potions
 o - 2 potions of curing


   Skills:
 + Level 0.5 Armour
 + Level 1.9 Dodging
 + Level 1.9 Stealth
 + Level 0.7 Shields
 + Level 3.5 Spellcasting
 + Level 5.9 Necromancy
 + Level 1.6 Invocations


You had 5 spell levels left.
You knew the following spells:

 Your Spells              Type           Power      Damage    Failure   Level
a - Pain                  Necr           92%        1d8       2%          1
b - Animate Skeleton      Necr           46%        N/A       2%          1
c - Animate Dead          Necr           11%        N/A       26%         4

Your spell library contained the following spells:

 Spells                   Type           Power      Damage    Failure   Level
 Vampiric Draining        Necr           23%        2d7       8%          3
 Agony                    Necr           23%        N/A       58%         5
 Call Canine Familiar     Summ           3%         N/A       67%         3
 Portal Projectile        Hex/Tloc       6%         N/A       67%         3
 Leda's Liquefaction      Hex/Erth       1%         N/A       97%         4
 Malign Gateway           Summ/Tloc      1%         N/A       100%        7
 Summon Horrible Things   Summ           1%         N/A       100%        8


Dungeon Overview and Level Annotations

Branches:
Dungeon (4/15)
 Temple: D:4-7

Altars:
Sif Muna
Vehumet
Beogh

Annotations:
D:3 3 runed translucent doors, bootyos's ghost, amateur DDFi


Innate Abilities, Weirdness & Mutations

You have a pair of small antennae on your head.
You are partially covered in molten scales. (AC +2)
A demonic guardian rushes to your aid.
You are partially covered in large bone plates. (SH +4)
You are very agile. (Dex +4)
You passively dampen the noise of your surroundings.


Message History

You swap places.
Something hits your rust devil but does no damage.
Something hits your rust devil but does no damage.
An orc wizard appears from thin air!
Reactivating autopickup.
The orc wizard closely misses your rust devil.
Your rust devil hits the orc wizard!
Your rust devil corrodes the orc wizard!
Aiming: Pain (safe; 2% risk of failure)
Press: ? - help, Q - select action, (/) - cycle Shift-Dir - straight line, f - orc wizard
Aim: an orc wizard, wielding a +0 dagger and wearing a +0 robe (almost dead, covered in acid, ally target, chance to affect: 81%)
Your demonic guardian avoids your attack.
The orc wizard writhes in agony!
You kill the orc wizard!
Sif Muna accepts your kill.
You swap places.
Your rust devil disappears in a puff of smoke!
Things that are here:
a +0 dagger; a +0 robe You see here a +0 falchion.
You now have 176 gold pieces (gained 14).
You see here a +0 trident.
You see here a +0 trident.
An ogre comes into view. It is wielding a +0 giant club.
The ogre shouts!
The ogre completely misses you. The ogre misses you.
You see here 9 gold pieces.
Aiming: Pain (safe; 2% risk of failure)
Press: ? - help, Q - select action, (/) - cycle Shift-Dir - straight line, f - ogre
Aim: an ogre, wielding a +0 giant club (chance to affect: 81%)
The ogre writhes in agony.
The ogre barely misses you.
Aiming: Pain (safe; 2% risk of failure)
Press: ? - help, Q - select action, (/) - cycle Shift-Dir - straight line, f/p - ogre
Aim: an ogre, wielding a +0 giant club (lightly wounded, chance to affect: 81%)
The ogre barely resists.
The ogre hits you with a +0 giant club!!
Ouch! That really hurt!
You die...

### # #..### .. #....##
..# #.#..##..#
########## #..@.....#
.........# ###O....##
.........# #...#.##
.........# ###.#.# ..
.........####...#... #..
...#.†##........##..# .
...##.# ........# ..#
......##........##..####
..##...o####..#$....##..


You could see an ogre.

Vanquished Creatures
  A jelly (D:4)
  Jessica (D:3)
  An orc wizard (D:4)
  4 adders
  An ufetubus (D:4)
  An adder skeleton (D:4)
  4 dart slugs
  3 orcs (D:4)
  6 bats
  7 endoplasms
  4 giant cockroaches
  5 goblins
  10 hobgoblins
  4 kobolds
  A quokka (D:1)
  4 ball pythons
  A frilled lizard (D:1)
  4 rats
62 creatures vanquished.

Vanquished Creatures (collateral kills)
  A worm (D:2)
  A hobgoblin (D:1)
  2 ball pythons (D:1)
  A frilled lizard (D:1)
5 creatures vanquished.

Grand Total: 67 creatures vanquished

Notes
Turn   | Place    | Note
-------+----------+-------------------------------------------
     0 | D:1      | jamesblauser the Demonspawn Necromancer began the quest for
                  | the Orb.
     0 | D:1      | Reached XP level 1. HP: 13/13 MP: 3/3
   155 | D:1      | Gained mutation: A weak demonic guardian rushes to your
                  | aid. [demonic ancestry]
   155 | D:1      | Reached XP level 2. HP: 6/19 MP: 0/5
   566 | D:1      | Gained mutation: You have hidden genetic potential. [potion
                  | of mutation]
   566 | D:1      | Gained mutation: You are agile. (Dex +2) [potion of
                  | mutation]
   566 | D:1      | Gained mutation: You are partially covered in large bone
                  | plates. (SH +4) [potion of mutation]
   626 | D:1      | Reached skill level 5 in Necromancy
  1067 | D:2      | Found a faded altar of an unknown god.
  1074 | D:2      | Prayed at the altar of an unknown god.
  1074 | D:2      | Became a worshipper of Sif Muna the Loreminder
  1074 | D:2      | Reached * piety under Sif Muna
  1192 | D:2      | Gained mutation: A demonic guardian rushes to your aid.
                  | [demonic ancestry]
  1192 | D:2      | Reached XP level 3. HP: 19/24 MP: 0/6
  1215 | D:2      | Gained mutation: You are very agile. (Dex +4) [hidden
                  | potential]
  1726 | D:2      | Gained mutation: You have a pair of small antennae on your
                  | head. [demonic ancestry]
  1726 | D:2      | Reached XP level 4. HP: 28/30 MP: 5/8
  1891 | D:2      | Gained mutation: You passively dampen the noise of your
                  | surroundings. [hidden potential]
  1891 | D:2      | Lost mutation: You have hidden genetic potential. [hidden
                  | potential expressed]
  2133 | D:3      | Found a runed translucent gate.
  2134 | D:3      | Found a runed translucent gate.
  2135 | D:3      | Found a runed translucent gate.
  2137 | D:3      | Identified the +0 chain mail of the Swamp {+Inv Int+2}
  2137 | D:3      | Noticed bootyos's ghost (amateur DDFi)
  2278 | D:3      | Learned a level 1 spell: Animate Skeleton
  2283 | D:3      | Learned a level 4 spell: Animate Dead
  2350 | D:3      | Noticed Jessica
  2353 | D:3      | Killed Jessica
  2362 | D:3      | Found a shimmering blue altar of Sif Muna.
  2449 | D:3      | Found a radiant altar of Vehumet.
  2817 | D:4      | Reached skill level 1 in Invocations
  2830 | D:4      | Gained mutation: You are partially covered in molten
                  | scales. (AC +2) [demonic ancestry]
  2830 | D:4      | Reached XP level 5. HP: 19/35 MP: 4/9
  3328 | D:4      | Noticed an ogre
  3348 | D:4      | Demolished by an ogre

Illustrated notes

Levels and vault maps discovered:
D:1:      psy_arrival_dodecagon, layout_loops_cross, dk_noncrumbling_4,
          st_stairs_6, minmay_stone_trees_small
D:2:      minmay_general_purpose_star, layout_loops_corners,
          ebering_ecumenical_altar_hall
D:3:      layout_loops_ring, nicolae_vehumet_radiance, tgw_sif,
          biasface_ghost_orc_armoury
D:4:      layout_rooms

Skill      XL: |  1  2  3  4 |
---------------+-------------+-----
Necromancy     | 5 |  5.9
Invocations    | 1 |  1.6
Spellcasting   | 3 |  3.5
Armour         | |  0.5
Dodging        | |  1.9
Stealth        | |  1.9
Shields        | |  0.7

Action                   |  1- 3 |  4- 6 || total
-------------------------+-------+-------++-------
Melee: Staff             |     2 |    40 ||    42
       Short sword       |     1 |       ||     1
       Punch             |     1 |       ||     1
 Cast: Pain              |    66 |    74 ||   140
Invok: Channel Magic     |     2 |     2 ||     4
  Use: Potion            |     4 |     3 ||     7
       Scroll            |     4 |     3 ||     7
Armor: Robe              |     3 |       ||     3
       Leather armour    |     3 |    30 ||    33
Dodge: Dodged            |    30 |    67 ||    97
Block: Buckler           |     6 |    43 ||    49
